 Dungeon Sprint DCSS version 0.23-a0-681-g26ad783 (webtiles) character file.

149 emperorscorpion the Covert (level 5, -1/41 HPs)
             Began as a Vampire Assassin on Jan 10, 2019.
             Slain by a scorpion (4 damage)
             ... in the Dungeon (Sprint IX: "|||||||||||||||||||||||||||||").
             The game lasted 00:00:42 (48 turns).

emperorscorpion the Covert (Vampire Assassin)         Turns: 48, Time: 00:00:43

Health: -1/41      AC:  3    Str: 10    XL:     5   Next: 9%
Magic:  5/5        EV: 12    Int: 13    God:
Gold:   0          SH:  0    Dex: 17    Spells: 4/4 levels left

rFire    . . .     SeeInvis +   a - +2 dagger
rCold    . . .     Gourm    .   (no shield)
rNeg     + . .     Faith    .   c - +0 robe
rPois    .         Spirit   .   (no helmet)
rElec    .         Reflect  .   d - +0 cloak
rCorr    .         Harm     .   (no gloves)
MR       .....     NoTele   +   (no boots)
Stlth    ++++++....             (no amulet)
HPRegen  0.13/turn              (no ring)
MPRegen  0.09/turn              (no ring)

@: lethally poisoned (-1 -> -8), berserk cooldown, slowed, very slow
A: fangs 3, see invisible, unbreathing
a: Bat Form


You were in the Dungeon.
You were not thirsty.

You visited 1 branch

Inventory:

Hand Weapons
 a - a +2 dagger (weapon)
 b - a +0 blowgun
Missiles
 e - 8 poisoned needles
 f - 2 curare-tipped needles
Armour
 c - a +0 robe (worn)
 d - a +0 cloak (worn)
Scrolls
 m - a scroll of blinking
Potions
 g - 2 potions of blood
 h - a potion of curing
 i - a potion of heal wounds
 j - a potion of haste
 k - 2 potions of magic


   Skills:
 + Level 3.5 Fighting
 + Level 4.8 Short Blades
 + Level 2.8 Throwing
 + Level 1.7 Dodging
 + Level 13.3 Stealth


You had 4 spell levels left.
You didn't know any spells.
Your spell library was empty.

Dungeon Overview and Level Annotations

Branches:
Dungeon (1/1)

Altars:


Innate Abilities, Weirdness & Mutations

You have razor-sharp teeth.
You have supernaturally acute eyesight. (SInv)
You can survive without breathing.


Message History

The adder zombie is almost destroyed.
The adder zombie closely misses you.
You closely miss the adder zombie.
The adder zombie is almost destroyed.
You puncture the adder zombie!
You destroy the adder zombie!
You are no longer berserk.
You are exhausted.
You feel yourself slow down. The scorpion stings you.
* * * LOW HITPOINT WARNING * * *
You are lethally poisoned!
The scorpion poisons you!
You hit the scorpion.
The scorpion is lightly wounded.
* * * LOW HITPOINT WARNING * * *
You feel sick. The scorpion barely misses you.
You completely miss the scorpion.
* * * LOW HITPOINT WARNING * * *
You feel sick. The scorpion stings you.
You die...

▓+▓
▓.▓
▓.▓
▓s▓
▓@▓
▓†▓
▓'▓
▓.▓
▓.▓
▓.▓
▓†▓
▓)▓
▓'▓


You could see a scorpion.

Vanquished Creatures
  A sky beast (D)
  An iguana (D)
  A worker ant (D)
  An adder zombie (D)
  A dart slug (D)
  A goblin (D)
  A jackal (D)
  A kobold (D)
  A bat (D)
9 creatures vanquished.

Notes
Turn   | Place    | Note
-------+----------+-------------------------------------------
     0 | D        | emperorscorpion the Vampire Assassin began the quest for
                  | the Orb.
     0 | D        | Reached XP level 1. HP: 16/16 MP: 1/1
     5 | D        | Reached skill level 6 in Stealth
    26 | D        | Noticed a scorpion
    26 | D        | Noticed a sky beast
    26 | D        | Noticed a worker ant
    26 | D        | Noticed an iguana
    28 | D        | Killed an iguana
    28 | D        | Reached skill level 9 in Stealth
    28 | D        | Reached XP level 2. HP: 23/23 MP: 2/2
    28 | D        | Reached XP level 3. HP: 28/28 MP: 3/3
    30 | D        | Reached skill level 10 in Stealth
    39 | D        | Killed a sky beast
    39 | D        | Reached skill level 13 in Stealth
    39 | D        | Reached XP level 4. HP: 14/35 MP: 4/4
    39 | D        | Reached XP level 5. HP: 17/41 MP: 5/5
    48 | D        | Slain by a scorpion

Vault maps used:
D:        linesprint

Skill      XL: |  1  2  3 |
---------------+----------+-----
Stealth        | 9 13 | 13.3
Throwing       | 2 |  2.8
Fighting       | 2 3 |  3.5
Short Blades   | 3 4 |  4.8
Dodging        | |  1.7

Action                   |  1- 3 |  4- 6 || total
-------------------------+-------+-------++-------
Melee: Dagger            |    22 |     8 ||    30
  Use: Potion            |     1 |       ||     1
 Stab: Sleeping          |     2 |       ||     2
Armor: Robe              |     6 |       ||     6
Dodge: Dodged            |     5 |     3 ||     8

Table legend:
 A = Non-vault XP
 B = Vault XP
 C = Vault XP percentage of total XP
 D = Non-vault monster count
 E = Vault monster count
 F = Vault count percentage of total count
                 A         B        C        D         E       F
            +---------+---------+-------+---------+---------+-------
      Total |       0 |     213 | 100.0 |       0 |       9 | 100.0
            +---------+---------+-------+---------+---------+-------
          D |       0 |     213 | 100.0 |       0 |       9 | 100.0
            +---------+---------+-------+---------+---------+-------
